 Dungeon Crawl Stone Soup version 0.26-a0-812-g31a745ddcd (webtiles) character file.

Game seed: 17473158196053740799

33 dickylongcocking the Vexing (level 3, -4/26 HPs)
             Began as a Formicid Arcane Marksman on Nov 13, 2020.
             Killed by divine providence
             ... invoked by an orc priest
              (13 damage)
             ... on level 3 of the Dungeon.
             The game lasted 00:02:01 (1588 turns).

dickylongcocking the Vexing (FoAM)                  Turns: 1588, Time: 00:02:01

Health: -4/26      AC:  6    Str: 16    XL:     3   Next: 47%
Magic:  3/4        EV: 10    Int: 13    God:
Gold:   106        SH:  4    Dex: 11    Spells: 3/4 levels left

rFire    . . .     SeeInvis +   a - +0 hand crossbow
rCold    . . .     Faith    .   b - +0 buckler
rNeg     . . .     Spirit   .   c - +0 ring mail
rPois    .         Reflect  .   (helmet unavailable)
rElec    .         Harm     .   (no cloak)
rCorr    .         Rampage  .   (no gloves)
MR       .....                  (no boots)
Stlth    ..........             (no amulet)
HPRegen  0.08/turn              (no ring)
MPRegen  0.09/turn              (no ring)

@: no status effects
A: permanent stasis, dig shafts and tunnels, four strong arms, antennae 3,
hooves 1, shaggy fur 1, strong 1
a: Dig, Shaft Self


You were on level 3 of the Dungeon.
You visited 1 branch of the dungeon, and saw 3 of its levels.

You collected 106 gold pieces.

Inventory:

Hand Weapons
 a - a +0 hand crossbow (weapon)
Armour
 b - a +0 buckler (worn)
 c - a +0 ring mail (worn)
 e - a +0 robe
Jewellery
 j - an uncursed ring of magical power {unknown}
Scrolls
 g - a scroll of remove curse {unknown}
 h - 3 scrolls of identify {unknown}
 k - a scroll of immolation {unknown}
 m - a scroll of fog {unknown}
Potions
 f - a potion of might {unknown}
 i - a potion of mutation


   Skills:
 - Level 1.1 Fighting
 * Level 2.8 Crossbows
 - Level 1.7 Dodging
 * Level 1.7 Shields
 - Level 1.1 Spellcasting
 - Level 4.1 Hexes


You had 3 spell levels left.
You knew the following spells:

 Your Spells              Type           Power        Failure   Level
a - Corona                Hex            ##.....      12%         1

Your spell library contained the following spells:

 Spells                   Type           Power        Failure   Level
 Slow                     Hex            ##......     17%         2
 Magic Dart               Conj           #...         52%         1
 Inner Flame              Hex/Fire       #.......     63%         3
 Portal Projectile        Hex/Tloc       #.....       63%         3
 Call Imp                 Summ           #.......     67%         2
 Conjure Flame            Conj/Fire      #.......     88%         3
 Mephitic Cloud           Conj/Pois/Air  #.......     88%         3
 Cause Fear               Hex            ##........   75%         4
 Leda's Liquefaction      Hex/Erth       #.........   95%         4
 Blink                    Tloc           Unusable     N/A         2

Dungeon Overview and Level Annotations

Branches:
Dungeon (2/15)

Altars:
Elyvilon
Qazlal
Trog
Yredelemnul


Innate Abilities, Weirdness & Mutations

You cannot be hasted, slowed, berserked, paralysed or teleported.
You can dig through walls and to a lower floor.
Your four strong arms can wield two-handed weapons with a shield.
You have a pair of large antennae on your head. (SInv)
You have large cloven feet.
You are covered in fur. (AC +1)
Your muscles are strong. (Str +2)


Message History

Really attack while wielding your +0 hand crossbow?
Okay, then.
The hobgoblin hits you. The hobgoblin hits you.
There is a stone staircase leading down here.
Your magical contamination has completely faded away.
An orc priest comes into view. It is wielding a +4 flail.
The orc priest shouts!
You hear a shout!
An orc priest comes into view. It is wielding a +0 club.
The orc priest shouts!
An orc comes into view. It is wielding a +0 trident.
The orc priest casts a cantrip, but nothing happens.
The orc shouts!
The orc priest invokes the aid of Beogh against you.
Beogh smites you! The hobgoblin completely misses you.
The orc priest invokes the aid of Beogh against you.
Beogh smites you!
Ouch! That really hurt!
You die...

## ### ........#
###_###8### ........#
#8...8...8###.......#
#.........###......
8.........>....#.#
#.........##.....#
#8...8...8##...### #
###_###8####...####.#
## ### #...g@..#
#######...oo.# {
####o.# # {


You could see 2 orc priests, an orc and a hobgoblin.

Vanquished Creatures
  A gnoll (D:2)
  A worm (D:2)
  A leopard gecko (D:2)
  2 bats
  A giant cockroach (D:2)
  2 goblins (D:2)
  5 hobgoblins (D:1)
  A kobold (D:1)
  5 rats
19 creatures vanquished.

Notes
Turn   | Place    | Note
-------+----------+-------------------------------------------
     0 | D:1      | dickylongcocking the Formicid Arcane Marksman began the
                  | quest for the Orb.
     0 | D:1      | Reached XP level 1. HP: 15/15 MP: 2/2
    89 | D:1      | Reached skill level 4 in Hexes
   139 | D:1      | Reached XP level 2. HP: 21/21 MP: 3/3
   826 | D:2      | Reached skill level 1 in Shields
   836 | D:2      | Reached XP level 3. HP: 7/26 MP: 4/4
  1098 | D:2      | Found a white marble altar of Elyvilon.
  1133 | D:2      | Found a basalt altar of Yredelemnul.
  1274 | D:2      | Gained mutation: You are covered in fur. (AC +1) [potion of
                  | mutation]
  1274 | D:2      | Gained mutation: You have large cloven feet. [potion of
                  | mutation]
  1274 | D:2      | Gained mutation: Your muscles are strong. (Str +2) [potion
                  | of mutation]
  1278 | D:2      | You fall into a shaft and drop 1 floor!
  1278 | D:3      | Found a stormy altar of Qazlal.
  1278 | D:3      | Found a bloodstained altar of Trog.
  1588 | D:3      | Killed from afar by an orc priest

Illustrated notes

Levels and vault maps discovered:
D:1:      dpeg_arrival_morbid_curiosity, layout_basic
D:2:      layout_basic, yredelemnul_altar_generic, elyvilon_altar_5,
          minivault_24, uniq_jessica, uniq_terence, uniq_robin
D:3:      layout_rooms, lemuel_doored_altar, nicolae_overflow_hidden_temple,
          chequers_serial_rivers_micro_c

Skill      XL: |  1  2 |
---------------+-------+-----
Hexes          | 4 |  4.1
Shields        | 1 |  1.7
Fighting       | |  1.1
Crossbows      | |  2.8
Dodging        | |  1.7
Spellcasting   | |  1.1

Action                   || total
-------------------------++-------
 Fire: Hand crossbow     ||    62
 Cast: Corona            ||     8
 Abil: Dig               ||     1
       Shaft Self        ||     1
  Use: Potion            ||     2
Armor: Robe              ||     4
       Ring mail         ||     4
Dodge: Dodged            ||    26
Block: Buckler           ||     3

Table legend: (Time is in decaauts)
 A = Elapsed time spent in this place.
 B = Non-inter-level travel time spent in this place.
 C = Inter-level travel time spent in this place.
 D = Time resting spent in this place.
 E = Time spent auto-exploring this place.
 F = Levels seen in this place.
 G = Mean time per level.
                   A        B        C        D        E       F      G
               +--------+--------+--------+--------+--------+-----+--------+
         Total |   1612 |   1605 |      7 |    503 |    784 |   3 |  537.3 |
       Dungeon |   1612 |   1605 |      7 |    503 |    784 |   3 |  537.3 |
               +--------+--------+--------+--------+--------+-----+--------+

Top non-repeatable levels by time:
     D:1: 773 daAuts
     D:2: 528 daAuts
     D:3: 310 daAuts
